 Dungeon Crawl Stone Soup version 0.30.1-4-g462c640d31 (webtiles) character file.

Game seed: 3029576034233993986

45 safid the Chiller (level 3, -3/27 HPs)
             Began as a Merfolk Ice Elementalist on Sept 18, 2023.
             Slain by a cerulean imp
             ... wielding a +0 spear
             ... summoned by Natasha
              (4 damage)
             ... on level 2 of the Dungeon.
             The game lasted 00:01:27 (1594 turns).

safid the Chiller (Merfolk Ice Elementalist)        Turns: 1594, Time: 00:01:28

Health: -3/27      AC:  3    Str:  8    XL:     3   Next: 64%
Magic:  2/6        EV: 12    Int: 16    God:
Gold:   92         SH:  0    Dex: 14    Spells: 3/7 levels left

rFire   . . .        f - +0 dagger
rCold   . . .        (no shield)
rNeg    . . .        a - +0 robe
rPois   .            (no helmet)
rElec   .            (no cloak)
rCorr   .            (no gloves)
SInv    .            h - +0 pair of boots
Will    .....        (no amulet)
Stlth   ++           (no ring)
HPRegen 0.24/turn    (no ring)
MPRegen 0.10/turn

%: no passive effects
@: freezing walls
A: (nimble swimmer 2), mertail
a: no special abilities


You were on level 2 of the Dungeon.
You visited 1 branch of the dungeon, and saw 2 of its levels.

You collected 92 gold pieces.

Inventory:

Hand Weapons
 f - a +0 dagger (weapon)
Armour
 a - a +0 robe (worn)
 h - a +0 pair of boots (worn)
Scrolls
 d - a scroll of summoning {unknown}
 g - a scroll of silence {unknown}
 i - 2 scrolls of enchant armour {unknown}
 j - a scroll of immolation {unknown}
 l - a scroll of teleportation {unknown}
 m - a scroll of noise {unknown}
Potions
 b - a potion of magic
 c - a potion of attraction {unknown}
 e - a potion of might {unknown}
 k - a potion of heal wounds {unknown}


   Skills:
 + Level 1.8 Fighting
 - Level 2.6 Dodging
 - Level 2.1 Stealth
 + Level 2.6 Spellcasting
 + Level 4.9 Ice Magic


You had 3 spell levels left.
You knew the following spells:

 Your Spells              Type           Power      Damage    Failure   Level
a - Freeze                Ice            68%        1d8       2%          1
b - Frozen Ramparts       Ice            34%        1d6       8%          3

Your spell library contained the following spells:

 Spells                   Type           Power      Damage    Failure   Level
 Ozocubu's Armour         Ice            17%        N/A       8%          3
 Summon Ice Beast         Ice/Summ       9%         N/A       56%         4


Dungeon Overview and Level Annotations

Branches:
Dungeon (2/15)

Altars:

Shops:
D:2 [

Annotations:
D:2 Natasha


Innate Abilities, Weirdness & Mutations

((You are very nimble when in or above water. (Stealth+, EV+, Speed+++)))
Your lower body shifts to a powerful aquatic tail in water.


Message History

Casting: Freeze (safe; 2% risk of failure)
Confirm with . or Enter, or press ? or * to list all spells.
Aiming: Freeze (safe; 2% risk of failure)
Press: ? - help, Shift-Dir - straight line, f - cerulean imp
Aim: a cerulean imp, wielding a +2 spear (summoned)
You freeze the cerulean imp.
The cerulean imp is moderately wounded.
The cerulean imp completely misses you.
Natasha casts a spell.
The cerulean imp hits you from afar with a +0 spear.
Casting: Freeze (safe; 2% risk of failure)
Confirm with . or Enter, or press ? or * to list all spells.
The spell is quite dangerous to miscast (8% risk of failure)!
Continue anyway? [Y]es or [N]o only, please.
The spell is quite dangerous to miscast (8% risk of failure)!
Continue anyway?
Okay, then.
Casting: Frozen Ramparts (quite dangerous; 8% risk of failure)
Confirm with . or Enter, or press ? or * to list all spells.
The spell is quite dangerous to miscast (8% risk of failure)!
Continue anyway? [Y]es or [N]o only, please.
The spell is quite dangerous to miscast (8% risk of failure)!
Continue anyway?
Casting: Frozen Ramparts (quite dangerous; 8% risk of failure)
Press: ? - help, Dir - look around, f - activate The walls around you are covered in ice.
The wall freezes the cerulean imp.
The cerulean imp hits you with a +2 spear!
* * * LOW HITPOINT WARNING * * *
The wall freezes the cerulean imp.
The cerulean imp hits you but does no damage.
The wall freezes Natasha.
You miss the cerulean imp.
The cerulean imp is heavily wounded.
The wall freezes Natasha.
The wall freezes the cerulean imp but does no damage.
The cerulean imp closely misses you.
The wall freezes the cerulean imp.
The cerulean imp hits you from afar with a +2 spear.
* * * LOW HITPOINT WARNING * * *
The wall freezes the cerulean imp but does no damage.
The cerulean imp hits you from afar with a +0 spear.
You die... ## ######## .########..$ ... ...... 5h5

... # #.##.# #5# #.#
#.#.##.###@####.#
#...............#.#
#.#.#.##.###$##.#.#
...#.............#.# .##
#.#.#.##.#.##.#.# #
...#...†....##.#.#
#.#...)..#)#....#.#
...#.#..!...#.##.#.#
.##........#...##...#####.###


You could see Natasha and 3 cerulean imps.

Vanquished Creatures
  2 adders (D:2)
  A worm (D:2)
  4 bats (D:1)
  4 endoplasms
  A giant cockroach (D:2)
  3 hobgoblins
  2 quokkas
  4 frilled lizards
  3 kobolds
24 creatures vanquished.

Notes
Turn   | Place    | Note
-------+----------+-------------------------------------------
     0 | D:1      | safid the Merfolk Ice Elementalist began the quest for the
                  | Orb.
     0 | D:1      | Reached XP level 1. HP: 13/13 MP: 3/3
   395 | D:1      | Reached XP level 2. HP: 18/20 MP: 1/5
   528 | D:1      | Reached skill level 1 in Fighting
  1142 | D:2      | Reached XP level 3. HP: 16/26 MP: 1/6
  1146 | D:2      | Learned a level 3 spell: Frozen Ramparts
  1315 | D:2      | Found Melagaq's Armour Emporium.
  1578 | D:2      | Noticed Natasha
  1594 | D:2      | HP: 1/27 [cerulean imp/+2 spear[Natasha] (6)]
  1594 | D:2      | Slain by a cerulean imp

Illustrated notes

Levels and vault maps discovered:
D:1:      evilmike_arrival_plus, layout_basic, serial_forest,
          infiniplex_forest_clump_small, infiniplex_forest_clump_curved,
          infiniplex_forest_clump_curved, infiniplex_forest_clump_diagonal,
          infiniplex_forest_clump_curved, infiniplex_forest_straight_2,
          dk_noncrumbling_4, minmay_misc_feat_chi
D:2:      layout_loops_ring, serial_shops, shop, basic_altar,
          grunt_ministairs_12, hangedman_decor_slide_cut, minmay_diced_spiral,
          uniq_natasha, uniq_crazy_yiuf_cottage

Skill      XL: |  1  2 |
---------------+-------+-----
Fighting       | 1 |  1.8
Dodging        | |  2.6
Stealth        | |  2.1
Spellcasting   | |  2.6
Ice Magic      | |  4.9

Action                     || total
---------------------------++-------
  Melee: Unarmed           ||    11
         Dagger            ||    64
         Punch             ||     2
   Cast: Freeze            ||    25
         Frozen Ramparts   ||     1
   Stab: Sleeping          ||     3
 Armour: Robe              ||    28
  Dodge: Dodged            ||    97
